 Dungeon Crawl Stone Soup version 0.31.0-11-ge490571c62 (webtiles) character file.

Game seed: 6160803496513196045

2465 hawla the Mimic (level 9, 0/67 HPs)
             Began as a Deep Elf Conjurer on Feb 4, 2024.
             Was a Believer of Vehumet.
             Slain by a gnoll
             ... wielding a +0 spear
             ... led by a gnoll bouda
              (5 damage)
             ... on level 6 of the Dungeon.
             The game lasted 00:23:06 (7031 turns).

hawla the Mimic (Deep Elf Conjurer)                 Turns: 7031, Time: 00:23:07

Health: 0/67       AC: 24    Str:  2 (4)  XL:     9   Next: 26%
Magic:  4/20       EV:  2    Int: 27 (28) God:    Vehumet [**....]
Gold:   442        SH:  0    Dex: 10 (13) Spells: 10/20 levels left

rFire   . . .        d - staff "Leviticus" {rPois rC+ SInv Tloc Alchemy}
rCold   + . .        (no shield)
rNeg    . . .        e - melded +2 robe {Will+}
rPois   +            (helmet currently unavailable)
rElec   .            (cloak currently unavailable)
rCorr   .            c - melded +1 pair of gloves
SInv    +            (boots currently unavailable)
Will    .....        (no amulet)
Stlth   ++           (no ring)
HPRegen 0.31/turn    (no ring)
MPRegen 0.17/turn

%: no passive effects
@: mighty, tree-form, weakened, attractive
A: stationary, stasis, torment immunity, boosted hp, (antennae 1), subdued magic
1
a: Renounce Religion


You were on level 6 of the Dungeon.
You worshipped Vehumet.
Vehumet was pleased with you.
You were a tree.
You visited 2 branches of the dungeon, and saw 7 of its levels.
You also visited: Ossuary.

You collected 481 gold pieces.
You spent 39 gold pieces at shops.

Inventory:

Hand Weapons
 o - the +12 dagger of the Crawling Thing {flame, rElec}
   (You found it on level 4 of the Dungeon)

   rElec:     It insulates you from electricity.
Armour
 c - a +1 pair of gloves (melded)
 e - a +2 robe of willpower (melded)
Magical Staves
 d - the staff "Leviticus" (weapon) {rPois rC+ SInv Tloc Alchemy}
   (You acquired it on level 3 of the Dungeon)

   [staff of alchemy]

   Base accuracy: +5 Base damage: 5 Base attack delay: 1.2 This weapon's minimum
   attack delay (0.6) is reached at skill level 12.
   rC+:       It protects you from cold.
   rPois:     It protects you from poison SInv: It lets you see invisible.
   Tloc:      It increases the power of your Translocations spells.
   Alchemy:   It increases the power of your Alchemy spells.
   It falls into the 'Staves' category.
   It is a one-handed weapon.
 n - a staff of fire
Wands
 j - a wand of flame (21) (quivered)
Scrolls
 b - a scroll of enchant armour
 h - a scroll of immolation
 k - a scroll of fog
 m - a scroll of identify
 q - a scroll of amnesia {unknown}
 t - a scroll of blinking {unknown}
 u - 2 scrolls of noise {unknown}
 w - a scroll of poison {unknown}
Potions
 a - a potion of curing
 g - a potion of enlightenment
 r - 2 potions of lignification
 v - 2 potions of heal wounds {unknown}


   Skills:
 - Level 2.4 Dodging
 - Level 2.4 Stealth
 - Level 6.0 Spellcasting
 - Level 6.0 Conjurations
 - Level 3.0 Translocations
 - Level 2.0 Fire Magic
 - Level 2.0 Ice Magic
 - Level 1.0 Air Magic
 - Level 2.0 Alchemy
 - Level 5.0 Evocations
 + Level 8.9 Shapeshifting


You had 10 spell levels left.
You knew the following spells:

 Your Spells              Type           Power      Damage    Failure   Level
a - Magic Dart            Conj           100%       1d8       1%          1
b - Searing Ray           Conj           62%        2d6       1%          2
c - Iskenderun's Mystic   Conj/Tloc      37%        2d9       8%          4
d - Frozen Ramparts       Ice            28%        1d5       7%          3

Your spell library contained the following spells:

 Spells                   Type           Power      Damage    Failure   Level
 Momentum Strike          Conj/Tloc      74%        3d10      1%          2
 Freeze                   Ice            56%        1d7       1%          1
 Hailstorm                Conj/Ice       22%        3d7       2%          3
 Scorch                   Fire           28%        2d6       3%          2
 Necrotise                Necr           24%        1d5       4%          1
 Slow                     Hex            24%        N/A       4%          1
 Summon Small Mammal      Summ           24%        N/A       4%          1
 Cigotuvi's Dreadful Rot  Necr/Alch/Air  30%        N/A       4%          2
 Mercury Vapours          Alch/Air       36%        N/A       4%          2
 Mephitic Cloud           Conj/Alch/Air  28%        N/A       4%          3
 Flame Wave               Conj/Fire      22%        2d8       10%         4
 Fulminant Prism          Conj/Alch      17%        3d10      10%         4
 Call Canine Familiar     Summ           6%         N/A       16%         3
 Confusing Touch          Hex            6%         N/A       16%         3
 Sigil of Binding         Hex            6%         N/A       16%         3
 Vampiric Draining        Necr           6%         2d6       16%         3
 Ignite Poison            Fire/Alch      21%        N/A       24%         4
 Summon Blazeheart Golem  Fire/Summ      10%        N/A       34%         4
 Freezing Cloud           Conj/Ice/Air   9%         6-21      41%         5
 Martyr's Knell           Necr/Summ      6%         N/A       50%         4
 Curse of Agony           Necr           6%         N/A       85%         5
 Summon Cactus Giant      Summ           3%         N/A       100%        6


Dungeon Overview and Level Annotations

Branches:
Dungeon (6/15)             Temple (1/1) D:4         Ossuary (visited)

Altars:
Dithmenos
Elyvilon
Fedhas
Gozag
Kikubaaqudgha
Nemelex Xobeh
Okawaru
Ru
Sif Muna
Vehumet
Yredelemnul
Zin

Shops:
D:1 !

Annotations:
D:3 2 runed translucent doors, ces's ghost, amateur GrMo


Innate Abilities, Weirdness & Mutations

You are a tree.
Your roots penetrate the ground, keeping you stationary.
You cannot be teleported.
You are immune to unholy pain and torment.
Your maximum health is greatly increased.
Your equipment is partially melded.
((You have a pair of small antennae on your head.))
Your spells are a little easier to cast, but a little less powerful.


Message History

An orc comes into view. It is wielding a +0 club.
The jelly hits you but does no damage.
The gnoll hits you but does no damage. x2
It was a potion of might.
You feel very mighty all of a sudden. The gnoll hits you but does no damage.
The jelly hits you but does no damage.
The gnoll bouda hits you but does no damage.
The gnoll hits you but does no damage. x2
You hit the jelly!
You kill the jelly!
Vehumet accepts your kill. The gnoll hits you but does no damage.
The gnoll bouda hits you but does no damage.
The orc hits you with a +1 heavy mace!
* * * LOW HITPOINT WARNING * * *
The gnoll hits you but does no damage. The gnoll hits you with a +0 club.
* * * LOW HITPOINT WARNING * * *
The gnoll hits you but does no damage.
The orc shouts!
You hit the orc!
You kill the orc!
Vehumet accepts your kill.
You feel your power returning.
The gnoll is no longer moving quickly.
The gnoll bouda barks out a call to the hunt!
The gnoll picks up the pace!
The gnoll hits you from afar with a +0 halberd.
* * * LOW HITPOINT WARNING * * *
The gnoll hits you but does no damage.
An orc comes into view. It is wielding a +0 club.
The gnoll bouda gazes fiercely through you!
You feel your attacks grow feeble.
The gnoll bouda hits you with a +0 club.
* * * LOW HITPOINT WARNING * * *
The orc shouts!
It was a potion of attraction.
You feel attractive to monsters. The gnoll hits you with a +0 club.
* * * LOW HITPOINT WARNING * * *
The gnoll hits you but does no damage.
The gnoll hits you from afar with a +0 spear.
You die...

### .... #...#
#....§ #g§..§§
###§§§§.§.
#.♣gg§§..§
###.g§.[o_o.
#...........
########.###.§§§...
#.....##.# #§§§§..
#........# #§....
### #.....####
#§..# ..# #.....#
...# #.# #..|..# .


You could see a gnoll bouda, 3 gnolls and 2 orcs.

Vanquished Creatures
  Eustachio (D:4)
  An orc warrior (D:6)
  3 ice beasts
  2 black bears
  An ogre (D:6)
  3 bullfrogs (D:6)
  A scorpion (D:6)
  6 water moccasin zombies (Ossuary)
  A burial acolyte (Ossuary)
  A howler monkey (D:6)
  4 bombardier beetles
  A quasit (D:5)
  2 orc priests
  8 hounds
  2 jellies
  3 iguanas
  3 orc wizards
  2 crocodile zombies (Ossuary)
  2 mummies (Ossuary)
  6 gnolls
  11 adders
  3 shadow imps
  3 white imps
  3 ufetubi (D:5)
  An adder zombie (Ossuary)
  A dart slug (D:1)
  A ribbon worm (D:2)
  16 orcs
  9 ball pythons
  7 endoplasms
  A giant cockroach (D:2)
  9 gnoll zombies (Ossuary)
  7 goblins
  7 hobgoblins
  5 jackals
  A quokka (D:3)
  5 bats
  4 frilled lizards
  2 jackal zombies (Ossuary)
  3 kobolds
  5 orc zombies (Ossuary)
  5 rats
162 creatures vanquished.

Notes
Turn   | Place    | Note
-------+----------+-------------------------------------------
     0 | D:1      | hawla the Deep Elf Conjurer began the quest for the Orb.
     0 | D:1      | Reached XP level 1. HP: 10/10 MP: 6/6
   277 | D:1      | Reached XP level 2. HP: 15/15 MP: 7/9
   280 | D:1      | Learned a level 2 spell: Searing Ray
   592 | D:1      | Found Pere's Distillery.
   598 | D:1      | Bought a potion of curing for 39 gold pieces
  1345 | D:2      | Reached skill level 5 in Spellcasting
  1345 | D:2      | Reached XP level 3. HP: 11/19 MP: 5/11
  1851 | D:2      | Reached XP level 4. HP: 24/24 MP: 9/14
  2146 | D:3      | Identified a scroll of acquirement
  2146 | D:3      | Acquired the staff "Leviticus" {rPois rC+ SInv Tloc
                  | Alchemy}
  2633 | D:3      | Found a runed translucent door.
  2661 | D:3      | Reached skill level 5 in Conjurations
  2760 | D:3      | Reached XP level 5. HP: 28/28 MP: 11/15
  2765 | D:3      | Learned a level 4 spell: Iskenderun's Mystic Blast
  2909 | D:3      | Found a runed translucent door.
  2914 | D:3      | Noticed ces's ghost (amateur GrMo)
  3077 | D:3      | Found a faded altar of an unknown god.
  3152 | D:3      | Found an ancient bone altar of Kikubaaqudgha.
  3407 | D:4      | Found a staircase to the Ecumenical Temple.
  3461 | Temple   | Entered the Ecumenical Temple
  3474 | Temple   | Became a worshipper of Vehumet
  3740 | D:4      | Reached skill level 1 in Translocations
  3877 | D:4      | Found a white marble altar of Elyvilon.
  3889 | D:4      | Identified the +12 dagger of the Crawling Thing {flame,
                  | rElec}
  4037 | D:4      | Reached XP level 6. HP: 32/32 MP: 11/17
  4041 | D:4      | Reached skill level 1 in Alchemy
  4293 | D:4      | Noticed Eustachio
  4307 | D:4      | Killed Eustachio
  4308 | D:4      | Reached skill level 1 in Ice Magic
  4403 | D:4      | Learned a level 3 spell: Frozen Ramparts
  4414 | D:4      | Found a sacrificial altar of Ru.
  4666 | D:5      | Entered Level 5 of the Dungeon
  4746 | D:5      | Reached skill level 1 in Air Magic
  4746 | D:5      | Reached skill level 1 in Evocations
  4746 | D:5      | Reached XP level 7. HP: 36/36 MP: 11/18
  5058 | D:5      | Found a sand-covered staircase.
  5066 | Ossuary  | Entered an ossuary
  5137 | Ossuary  | Reached * piety under Vehumet
  5137 | Ossuary  | Offered knowledge of Foxfire by Vehumet.
  5180 | Ossuary  | Reached skill level 5 in Evocations
  5180 | Ossuary  | Reached skill level 1 in Shapeshifting
  5273 | Ossuary  | Reached skill level 2 in Shapeshifting
  5274 | Ossuary  | Reached XP level 8. HP: 21/41 MP: 9/19
  5379 | Ossuary  | Reached skill level 3 in Shapeshifting
  5508 | Ossuary  | Reached skill level 4 in Shapeshifting
  5725 | D:5      | Found a glowing silver altar of Zin.
  5738 | D:5      | Reached skill level 5 in Shapeshifting
  5886 | D:5      | Offered knowledge of Momentum Strike by Vehumet.
  6419 | D:6      | Reached skill level 6 in Shapeshifting
  6548 | D:6      | Gained mutation: Your spells are a little easier to cast,
                  | but a little less powerful. [potion of mutation]
  6548 | D:6      | Gained mutation: You have a pair of small antennae on your
                  | head. [potion of mutation]
  6557 | D:6      | Reached skill level 7 in Shapeshifting
  6710 | D:6      | Reached ** piety under Vehumet
  6717 | D:6      | Reached XP level 9. HP: 33/45 MP: 7/20
  6721 | D:6      | Reached skill level 8 in Shapeshifting
  7001 | D:6      | Found a shadowy altar of Dithmenos.
  7031 | D:6      | Slain by a gnoll

Illustrated notes

Levels and vault maps discovered:
D:1:      dpeg_arrival_simpleton_a, layout_loops_ring, serial_shops, shop,
          minmay_pentomino_u2
D:2:      layout_basic, minmay_misc_feat_cross, minmay_gold_behind_fungi
D:3:      layout_basic, general_overflow_altar, ebering_ghost_sewer_f,
          hellmonk_ecumenical_altar_heavens_door
D:4:      layout_basic, nicolae_ru_awakened_eye, mainiacjoe_overflow_catwalk,
          minmay_temple_entry_junction, st_stairs_14, dreamdust_gnoll_farm,
          uniq_eustachio
D:5:      layout_loops_ring, mainiacjoe_overflow_alcove_2,
          nicolae_ossuary_entry_monument, serial_demonic, serial_demonic_b,
          serial_demonic_c, serial_demonic_e, serial_demonic_f
D:6:      layout_rooms, nicolae_dithmenos_the_darkroom, ebering_ghost_sewer_d,
          minmay_fractal_squares_5
Temple:   nicolae_temple_superstar

Skill      XL: |  1  2  3  4  5  6  7  8  9 |
---------------+----------------------------+-----
Spellcasting   | 4 5 6 |  6.0
Conjurations   | 5 6 |  6.0
Translocations | 2 3 |  3.0
Alchemy        | 2 |  2.0
Fire Magic     | 2 |  2.0
Ice Magic      | 2 |  2.0
Air Magic      | 1 |  1.0
Evocations     | 1 5 |  5.0
Shapeshifting  | 2 7 8 |  8.9
Dodging        | |  2.4
Stealth        | |  2.4

Action                     |  1- 3 |  4- 6 |  7- 9 || total
---------------------------+-------+-------+-------++-------
  Melee: Short sword       |     6 |       |       ||     6
         Staff             |       |    34 |    44 ||    78
         Punch             |       |       |     3 ||     3
   Cast: Magic Dart        |    29 |    10 |     6 ||    45
         Searing Ray       |    18 |    30 |    49 ||    97
         Iskenderun's Myst |       |     2 |    15 ||    17
         Frozen Ramparts   |       |     1 |     1 ||     2
    Use: Scroll            |     2 |     8 |     2 ||    12
         Potion            |       |       |    10 ||    10
   Stab: Distracted        |     1 |       |       ||     1
         Sleeping          |       |     1 |     1 ||     2
 Armour: Robe              |    18 |    49 |   126 ||   193
         Skin              |       |       |    36 ||    36
  Dodge: Dodged            |    11 |    63 |    98 ||   172
